 Dungeon Crawl Stone Soup version 0.31-a0-198-g2ad674f65e (webtiles) character file.

Game seed: 12271505360460579882

39 qw the Shooter (level 3, 0/20 HPs)
             Began as a Deep Elf Hunter on June 25, 2023.
             Slain by Terence
             ... wielding a +0 flail
              (4 damage)
             ... on level 2 of the Dungeon.
             The game lasted 00:00:25 (1172 turns).

qw the Shooter (Deep Elf Hunter)                    Turns: 1172, Time: 00:00:26

Health: 0/20       AC:  5    Str: 10    XL:     3   Next: 28%
Magic:  5/5        EV: 11    Int: 13    God:
Gold:   52         SH:  0    Dex: 18    Spells: 2/2 levels left

rFire   . . .        Y - +0 shortbow
rCold   . . .        (shield currently unavailable)
rNeg    . . .        g - +0 ring mail
rPois   +            (no helmet)
rElec   .            (no cloak)
rCorr   .            (no gloves)
SInv    .            (no boots)
Will    .....        (no amulet)
Stlth   +            e - ring of poison resistance
HPRegen 0.23/turn    (no ring)
MPRegen 0.09/turn

%: no passive effects
@: no status effects
A: no striking features
a: no special abilities


You were on level 2 of the Dungeon.
You visited 1 branch of the dungeon, and saw 2 of its levels.

You collected 52 gold pieces.


   Skills:
 - Level 1.5 Fighting
 + Level 6.9 Ranged Weapons
 - Level 2.4 Dodging
 - Level 1.2 Stealth


You had 2 spell levels left.
You didn't know any spells.
Your spell library was empty.

Inventory:

Hand Weapons
 Y - a +0 shortbow (weapon)
Armour
 g - a +0 ring mail (worn)
Jewellery
 e - a ring of poison resistance (left hand)
Scrolls
 a - a scroll of teleportation {unknown}
Potions
 d - a potion of might {unknown}
 h - a potion of heal wounds {unknown}
 j - a potion of haste {unknown}

Dungeon Overview and Level Annotations

Branches:
Dungeon (2/15)

Altars:

Shops:
D:1 !

Annotations:
D:2 Terence


Message History

Found a stone staircase leading down.
A giant cockroach comes into view.
You shoot an arrow. The arrow hits the giant cockroach!
You kill the giant cockroach!
Found a club.
You see here a +0 club.
A giant cockroach comes into view.
You shoot an arrow. The arrow hits the giant cockroach!
You kill the giant cockroach!
a - a scroll labelled PUEPHO RAEPO A rat comes into view.
You shoot an arrow.
The arrow hits the rat but does no damage.
You shoot an arrow. The arrow hits the rat.
You kill the rat!
Terence the Incautious comes into view.
He is wielding a +0 flail.
Enter note: You shoot an arrow.
The arrow hits Terence.
Terence shouts!
Terence is lightly wounded.
You shoot an arrow. The arrow hits Terence.
Terence is moderately wounded.
You shoot an arrow.
The arrow hits Terence but does no damage.
Terence is moderately wounded.
You shoot an arrow. The arrow completely misses Terence.
You shoot an arrow.
The arrow hits Terence but does no damage.
Terence is moderately wounded.
You shoot an arrow. The arrow hits Terence.
Terence is heavily wounded.
Terence misses you.
You shoot an arrow.
The arrow hits Terence but does no damage.
Terence is heavily wounded.
Terence hits you with a +0 flail! x2
You shoot an arrow. The arrow hits Terence!
Terence is almost dead.
Terence hits you with a +0 flail.
You die...

#.#.# ##.#.# .?...
#.... #...#####
#.......##.
#...@...%.. #@# #.#
#.## #.# #.# #...
#.# #.# #### #.###.#
#.....############
#####...........).
........############
..#######


You could see Terence.

Vanquished Creatures
  A dart slug (D:1)
  4 endoplasms
  5 giant cockroaches
  2 goblins (D:1)
  4 hobgoblins (D:1)
  2 jackals (D:1)
  4 kobolds (D:1)
  4 ball pythons (D:1)
  5 bats (D:1)
  2 frilled lizards (D:1)
  2 rats
35 creatures vanquished.

Notes
Turn   | Place    | Note
-------+----------+-------------------------------------------
     0 | D:1      | qw the Deep Elf Hunter began the quest for the Orb.
     0 | D:1      | Reached XP level 1. HP: 12/12 MP: 3/3
     0 | D:1      | 0 ||| qw: Version: 0.3-a-22-g0ed2b0b
     0 | D:1      | 0 ||| qw: Game counter: 5053
     0 | D:1      | 0 ||| qw: Melee chars always use a shield: true
     0 | D:1      | 0 ||| qw: God list: Okawaru
     0 | D:1      | 0 ||| qw: Allow faded altars: false
     0 | D:1      | 0 ||| qw: Do Orc after clearing Dungeon:15 true
     0 | D:1      | 0 ||| qw: Do second Lair branch before Depths: true
     0 | D:1      | 0 ||| qw: Lair rune preference: random
     0 | D:1      | 0 ||| qw: Goals: Normal
     0 | D:1      | 0 ||| PLANNING D:1-11
    55 | D:1      | Found Pugettel's Distillery.
    59 | D:1      | 59 ||| SHOPLISTING potion of curing (42 gold, have 12).
    59 | D:1      | 59 ||| SHOPLISTING potion of enlightenment (70 gold, have
                  | 12).
    59 | D:1      | 59 ||| SHOPLISTING potion of haste (140 gold, have 12).
    59 | D:1      | 59 ||| SHOPLISTING potion of might (56 gold, have 12).
    59 | D:1      | 59 ||| SHOPLISTING potion of resistance (140 gold, have
                  | 12).
   202 | D:1      | Reached XP level 2. HP: 16/16 MP: 4/4
   233 | D:1      | Reached skill level 6 in Ranged Weapons
   717 | D:1      | Reached XP level 3. HP: 19/20 MP: 5/5
   940 | D:1      | 940 ||| UPGRADING to +0 ring mail.
   950 | D:1      | 950 ||| DROPPING +0 leather armour.
   951 | D:1      | 951 ||| DROPPING amulet of magic regeneration.
   952 | D:1      | 952 ||| UPGRADING to ring of poison resistance.
   953 | D:1      | 953 ||| READING scroll labelled FULARR ABINAESS.
   991 | D:1      | 991 ||| READING scroll labelled QUUSEASS NOTY.
   992 | D:1      | 992 ||| READING scroll labelled CINISY WOUTA.
   993 | D:1      | 993 ||| DROPPING scroll of butterflies.
  1164 | D:2      | Noticed Terence
  1171 | D:2      | HP: 4/20 [Terence/+0 flail (9)]
  1172 | D:2      | Slain by Terence

Levels and vault maps discovered:
D:1:      saegor_arrival_under_anarchy, layout_loops_corners, serial_shops, shop
D:2:      layout_loops_ring, hellmonk_ecumenical_altar_crossroads, uniq_terence

Skill      XL: |  1  2 |
---------------+-------+-----
Ranged Weapons | 6 |  6.9
Fighting       | |  1.5
Dodging        | |  2.4
Stealth        | |  1.2

Action                     || total
---------------------------++-------
   Fire: Shortbow          ||   100
    Use: Scroll            ||     3
 Armour: Leather armour    ||     9
  Dodge: Dodged            ||    29

Table legend:
 A = Non-vault XP
 B = Vault XP
 C = Vault XP percentage of total XP
 D = Non-vault monster count
 E = Vault monster count
 F = Vault count percentage of total count
                 A         B        C        D         E       F
            +---------+---------+-------+---------+---------+-------
      Total |      57 |       0 |   0.0 |      35 |       0 |   0.0
            +---------+---------+-------+---------+---------+-------
        D:1 |      50 |       0 |   0.0 |      31 |       0 |   0.0
        D:2 |       7 |       0 |   0.0 |       4 |       0 |   0.0
            +---------+---------+-------+---------+---------+-------
